 Dungeon Crawl Stone Soup version 0.24-a0-411-g4df2b1290f (webtiles) character file.

Game seed: 6579562255714261105

121 Gynju the Skirmisher (level 4, -3/41 HPs)
             Began as a Minotaur Fighter on June 6, 2019.
             Slain by a gnoll
             ... wielding a +1 spear of freezing
              (4 damage)
             ... on level 3 of the Dungeon.
             The game lasted 00:03:30 (774 turns).

Gynju the Skirmisher (Minotaur Fighter)              Turns: 774, Time: 00:03:31

Health: -3/41      AC:  7    Str: 22    XL:     4   Next: 76%
Magic:  3/3        EV:  7    Int:  5    God:
Gold:   80         SH:  9    Dex:  9    Spells: 3/3 levels left

rFire    . . .     SeeInvis .   a - +0 trident
rCold    . . .     Gourm    .   c - +0 shield
rNeg     . . .     Faith    .   b - +0 scale mail
rPois    .         Spirit   .   (helmet restricted)
rElec    .         Reflect  .   (no cloak)
rCorr    .         Harm     .   (no gloves)
MR       .....                  (no boots)
Stlth    ..........             (no amulet)
HPRegen  0.13/turn              (no ring)
MPRegen  0.08/turn              (no ring)

@: no status effects
A: retaliatory headbutt, horns 2
a: no special abilities


You were on level 3 of the Dungeon.
You were not hungry.

You visited 1 branch of the dungeon, and saw 4 of its levels.

You collected 80 gold pieces.

Inventory:

Hand Weapons
 a - a +0 trident (weapon)
Armour
 b - a +0 scale mail (worn)
 c - a +0 shield (worn)
Wands
 j - a wand of acid (5)
 l - a wand of polymorph (8)
Scrolls
 e - a scroll of noise {unknown}
 h - 2 scrolls of teleportation {unknown}
 k - 2 scrolls of identify {unknown}
 m - a scroll of remove curse {unknown}
Potions
 d - a potion of might
 i - 3 potions of curing {unknown}
Comestibles
 f - 3 rations
 g - 11 chunks of flesh


   Skills:
 + Level 4.6 Fighting
 + Level 3.6 Polearms
 + Level 4.5 Armour
 + Level 4.5 Shields


You had 3 spell levels left.
You didn't know any spells.
Your spell library was empty.

Dungeon Overview and Level Annotations

Branches:
Dungeon (4/15)
 Temple: D:4-7

Altars:
Makhleb
Zin

Annotations:
D:3 Jessica


Innate Abilities, Weirdness & Mutations

You reflexively headbutt those who attack you in melee.
You have a pair of horns on your head.


Message History

You puncture the goblin!
You kill the goblin!
You block the gnoll's attack.
You barely miss the goblin. You block the gnoll's attack.
The goblin hits you but does no damage.
The gnoll hits you from afar with a +0 spear.
* * * LOW HITPOINT WARNING * * *
You closely miss the goblin. You block the goblin's attack.
You block the gnoll's attack. The gnoll barely misses you.
You block the goblin's attack.
You barely miss the goblin. Your headbutt misses the goblin.
The gnoll hits you from afar with a +1 spear of freezing.
* * * LOW HITPOINT WARNING * * *
The gnoll freezes you.
* * * LOW HITPOINT WARNING * * *
The gnoll barely misses you. You block the goblin's attack.
You hit the goblin.
The goblin is heavily wounded.
The gnoll hits you from afar with a +1 spear of freezing.
You die...

#### ## #..## #.
##...## ##.
#)รท#..## #..
##.##...## ##..
#..#..#..##
#..g##.##.##...##
#.@gg@.#..#..#..#
##.##############
.. ... #.. #. #


You could see 2 gnolls, Jessica and a goblin.

Vanquished Creatures
  A crimson imp (D:3)
  3 gnolls
  2 adders (D:2)
  An ooze (D:1)
  A worm (D:2)
  A dart slug (D:1)
  An orc (D:3)
  5 bats
  3 giant cockroaches
  4 goblins
  4 hobgoblins
  A ball python (D:2)
  3 kobolds
  5 rats
35 creatures vanquished.

Notes
Turn   | Place    | Note
-------+----------+-------------------------------------------
     0 | D:1      | Gynju the Minotaur Fighter began the quest for the Orb.
     0 | D:1      | Reached XP level 1. HP: 19/19 MP: 0/0
    60 | D:1      | Reached XP level 2. HP: 17/27 MP: 1/1
   283 | D:1      | Reached XP level 3. HP: 33/33 MP: 2/2
   585 | D:2      | Found a burning altar of Makhleb.
   586 | D:2      | Found a glowing silver altar of Zin.
   586 | D:2      | Noticed an angel
   587 | D:2      | Noticed a balrug
   706 | D:2      | You fall into a shaft and drop 2 floors!
   728 | D:3      | Reached XP level 4. HP: 41/41 MP: 3/3
   758 | D:3      | Noticed Jessica
   773 | D:3      | HP: 2/41 [gnoll/+1 spear of freezing (2)]
   774 | D:3      | Slain by a gnoll

Levels and vault maps discovered:
D:1:      dpeg_arrival_boxorama, layout_rooms, minmay_indecisive_spiral
D:2:      minmay_recursive_quarters, layout_rooms,
          grunt_temple_overflow_order_and_chaos_2, first_ration
D:3:      minmay_razor_zed, layout_basic, lemuel_crystal_altar,
          lemuel_doored_altar, lemuel_crystal_altar, uniq_natasha, uniq_grinder,
          uniq_jessica
D:4:      layout_gridville, nicolae_overflow_crystal_walls, kennysheep_mini,
          minmay_crossroads

Skill      XL: |  1  2 |
---------------+-------+-----
Fighting       | 4 |  4.6
Shields        | 4 |  4.5
Armour         | 4 |  4.5
Polearms       | 3 |  3.6

Action                   |  1- 3 |  4- 6 || total
-------------------------+-------+-------++-------
Melee: Trident           |    69 |    15 ||    84
       Headbutt          |     6 |     4 ||    10
Armor: Scale mail        |    25 |     5 ||    30
Dodge: Dodged            |    14 |     6 ||    20
Block: Shield            |    21 |    13 ||    34

Table legend:
 A = Non-vault XP
 B = Vault XP
 C = Vault XP percentage of total XP
 D = Non-vault monster count
 E = Vault monster count
 F = Vault count percentage of total count
                 A         B        C        D         E       F
            +---------+---------+-------+---------+---------+-------
      Total |     106 |      67 |  38.7 |      25 |      10 |  28.6
            +---------+---------+-------+---------+---------+-------
        D:1 |      36 |      11 |  23.4 |      12 |       4 |  25.0
        D:2 |      40 |       0 |   0.0 |      10 |       0 |   0.0
        D:3 |      30 |      56 |  65.1 |       3 |       6 |  66.7
            +---------+---------+-------+---------+---------+-------
